PUB
PUERTO RICO HURRICANES @ STOCKTON 209
06/13/1972
 
TOP OF THE 1ST
Puerto Rico Hurricanes batting - Pitching for Stockton 209 : RHP Millard Olson
Pitching: RHP Millard Olson
Batting: RHB Chris Green 0-0: Foul Ball, location: 2F
0-1: Foul Ball, location: 3FF
0-2: Strikes out swinging
Batting: SHB Miguel Carrasco 0-0: Swinging Strike
0-1: Ground out 1-3 (Groundball, 34S, EV 71.3 MPH)
Batting: LHB Andrej Eenkhoorn 0-0: Foul Ball, location: 2F
0-1: Ball
1-1: Foul Ball, location: 2F
1-2: Strikes out swinging
Top of the 1st over - 0 runs, 0 hits, 0 errors, 0 left on base; Puerto Rico 0 - Stockton 0
BOTTOM OF THE 1ST
Stockton 209 batting - Pitching for Puerto Rico Hurricanes : RHP Eduard Jatzkov
Pitching: RHP Eduard Jatzkov
Batting: SHB Reggie Smith 0-0: Ball
1-0: Foul Ball, location: 25F
1-1: Ball
2-1: Ball
3-1: Foul Ball, location: 2RF
3-2: Foul Ball, location: 5FF
3-2: Foul Ball, location: 2F
3-2: Fly out, F7 (Flyball, 7LM, EV 96.9 MPH)
Batting: SHB Peter Holt 0-0: Fly out, F8 (Flyball, 8RD, EV 98.1 MPH)
Batting: RHB Paco Ortega 0-0: Called Strike
0-1: Called Strike
0-2: Ball
1-2: Strikes out swinging
Bottom of the 1st over - 0 runs, 0 hits, 0 errors, 0 left on base; Puerto Rico 0 - Stockton 0
TOP OF THE 2ND
Puerto Rico Hurricanes batting - Pitching for Stockton 209 : RHP Millard Olson
Batting: LHB Yoshitaka Kouda 0-0: Foul Ball, location: 25FF
0-1: Ball
1-1: Ball
2-1: Foul Ball, location: 7LMF
2-2: Ball
3-2: Fly out, F2 (Popup, 2R, EV 94.4 MPH)
Batting: SHB Armando Jiménez 0-0: Ball
1-0: Called Strike
1-1: Ball
2-1: Called Strike
2-2: Foul Ball, location: 9LSF
2-2: Strikes out swinging, 2-3 out at first.
Batting: RHB Alfonso Santana 0-0: DOUBLE (Line Drive, 7LS, EV 90.0 MPH)
Batting: LHB Koyo Yamamoto 0-0: Hit by Pitch
Batting: RHB Woody Frazier 0-0: Fielders Choice at 2nd, 6-4 (Groundball, 6, EV 79.4 MPH)
Top of the 2nd over - 0 runs, 1 hit, 0 errors, 2 left on base; Puerto Rico 0 - Stockton 0
BOTTOM OF THE 2ND
Stockton 209 batting - Pitching for Puerto Rico Hurricanes : RHP Eduard Jatzkov
Batting: RHB Roberto Hernández 0-0: Ball
1-0: Called Strike
1-1: Swinging Strike
1-2: Strikes out swinging
Batting: SHB William Cameron 0-0: Ball
1-0: Foul Ball, location: 23F
1-1: Called Strike
1-2: Ball
2-2: Foul Ball, location: 3FF
2-2: Foul Ball, location: 7LSF
2-2: Fly out, F7 (Flyball, 78D, EV 85.6 MPH)
Batting: RHB Sal Bando 0-0: Swinging Strike
0-1: Ball
1-1: Ground out 6-3 (Groundball, 6, EV 76.9 MPH)
Bottom of the 2nd over - 0 runs, 0 hits, 0 errors, 0 left on base; Puerto Rico 0 - Stockton 0
TOP OF THE 3RD
Puerto Rico Hurricanes batting - Pitching for Stockton 209 : RHP Millard Olson
Batting: RHB Eduard Jatzkov 0-0: Ground out 5-3 (Groundball, 56, EV 82.5 MPH)
Batting: RHB Chris Green 0-0: Swinging Strike
0-1: Ball
1-1: Swinging Strike
1-2: Ground out U3 (Groundball, 3, EV 96.9 MPH)
Batting: SHB Miguel Carrasco 0-0: Ball
1-0: Called Strike
1-1: Swinging Strike
1-2: Strikes out swinging
Top of the 3rd over - 0 runs, 0 hits, 0 errors, 0 left on base; Puerto Rico 0 - Stockton 0
BOTTOM OF THE 3RD
Stockton 209 batting - Pitching for Puerto Rico Hurricanes : RHP Eduard Jatzkov
Batting: LHB Bradley Hathaway 0-0: Ground out 4-3 (Groundball, 34, EV 101.9 MPH)
Batting: RHB Cam Carreon 0-0: Ball
1-0: Called Strike
1-1: Ball
2-1: Ball
3-1: Called Strike
3-2: Base on Balls
Batting: RHB Millard Olson 0-0: Sac Bunt to 3S - play at first, batter OUT! 3-4
Cam Carreon to second
Batting: SHB Reggie Smith 0-0: Ball
1-0: Ball
2-0: Ball
3-0: Fly out, F6 (Popup, 56, EV 69.4 MPH)
Bottom of the 3rd over - 0 runs, 0 hits, 0 errors, 1 left on base; Puerto Rico 0 - Stockton 0
TOP OF THE 4TH
Puerto Rico Hurricanes batting - Pitching for Stockton 209 : RHP Millard Olson
Batting: LHB Andrej Eenkhoorn 0-0: Called Strike
0-1: Foul Ball, location: 3FF
0-2: Ball
1-2: Ball
2-2: Strikes out swinging
Batting: LHB Yoshitaka Kouda 0-0: Ball
1-0: Called Strike
1-1: Swinging Strike
1-2: Strikes out swinging
Batting: SHB Armando Jiménez 0-0: Ball
1-0: Foul Ball, location: 7LMF
1-1: Foul Ball, location: 2F
1-2: Ball
2-2: Ball
3-2: Base on Balls
Batting: RHB Alfonso Santana 0-0: Ball
1-0: Called Strike
1-1: Swinging Strike
1-2: Ball
2-2: Ball
3-2: Foul Ball, location: 2F
3-2: Base on Balls
Armando Jiménez to second
Batting: LHB Koyo Yamamoto 0-0: Called Strike
0-1: Called Strike
0-2: Ground out 4-3 (Groundball, 4, EV 105.6 MPH)
Top of the 4th over - 0 runs, 0 hits, 0 errors, 2 left on base; Puerto Rico 0 - Stockton 0
BOTTOM OF THE 4TH
Stockton 209 batting - Pitching for Puerto Rico Hurricanes : RHP Eduard Jatzkov
Batting: SHB Peter Holt 0-0: Foul Ball, location: 5DF
0-1: Swinging Strike
0-2: Strikes out looking
Batting: RHB Paco Ortega 0-0: Ball
1-0: Called Strike
1-1: Foul Ball, location: 23F
1-2: Fly out, F3 (Popup, 23F, EV 81.9 MPH)
Batting: RHB Roberto Hernández 0-0: Called Strike
0-1: SINGLE (Groundball, 6M, EV 103.8 MPH) (infield hit)
Batting: SHB William Cameron 0-0: Ball
1-0: SINGLE (Line Drive, 78S, EV 88.1 MPH)
Roberto Hernández to second
Runner from 2nd tries for 3rd, SAFE, throw by LF made to third
Batting: RHB Sal Bando 0-0: Foul Ball, location: 2F
0-1: Ball
1-1: Ball
2-1: Called Strike
2-2: Foul Ball, location: 2F
2-2: Ball
3-2: Strikes out swinging
Bottom of the 4th over - 0 runs, 2 hits, 0 errors, 2 left on base; Puerto Rico 0 - Stockton 0
TOP OF THE 5TH
Puerto Rico Hurricanes batting - Pitching for Stockton 209 : RHP Millard Olson
Batting: RHB Woody Frazier 0-0: SINGLE (Groundball, 3S, EV 70.6 MPH) (infield hit)
Batting: RHB Eduard Jatzkov 0-0: Ball
1-0: Ball
2-0: Bunted foul
2-1: Bunted foul
2-2: Sac Bunt to 13 - play at first, batter OUT! 1-3
Woody Frazier to second
Batting: RHB Chris Green 0-0: Foul Ball, location: 9LSF
0-1: Ball
1-1: Ball
2-1: Foul Ball, location: 2F
2-2: Ball
3-2: Strikes out swinging
Batting: SHB Miguel Carrasco 0-0: Ball
1-0: Ground out 4-3 (Groundball, 4, EV 85.6 MPH)
Top of the 5th over - 0 runs, 1 hit, 0 errors, 1 left on base; Puerto Rico 0 - Stockton 0
BOTTOM OF THE 5TH
Stockton 209 batting - Pitching for Puerto Rico Hurricanes : RHP Eduard Jatzkov
Batting: LHB Bradley Hathaway 0-0: Called Strike
0-1: Ball
1-1: Ball
2-1: Swinging Strike
2-2: Foul Ball, location: 3FF
2-2: Ground out 4-3 (Groundball, 4S, EV 68.1 MPH)
Batting: RHB Cam Carreon 0-0: Ball
1-0: Ground out 6-3 (Groundball, 6, EV 86.9 MPH)
Batting: RHB Millard Olson 0-0: Ball
1-0: SINGLE (Groundball, 6, EV 86.3 MPH)
Batting: SHB Reggie Smith 0-0: Swinging Strike
0-1: SINGLE (Line Drive, 4D, EV 96.3 MPH)
Millard Olson to second
Batting: SHB Peter Holt 0-0: Ball
1-0: Fly out, F3 (Popup, 3DF, EV 64.4 MPH)
Bottom of the 5th over - 0 runs, 2 hits, 0 errors, 2 left on base; Puerto Rico 0 - Stockton 0
TOP OF THE 6TH
Puerto Rico Hurricanes batting - Pitching for Stockton 209 : RHP Millard Olson
Batting: LHB Andrej Eenkhoorn 0-0: Called Strike
0-1: Foul Ball, location: 23F
0-2: Foul Ball, location: 2F
0-2: Strikes out swinging
Batting: LHB Yoshitaka Kouda 0-0: Foul Ball, location: 2F
0-1: Called Strike
0-2: Ball
1-2: Ball
2-2: Strikes out looking
Batting: SHB Armando Jiménez 0-0: Ground out 1-3 (Groundball, 13S, EV 66.9 MPH)
Top of the 6th over - 0 runs, 0 hits, 0 errors, 0 left on base; Puerto Rico 0 - Stockton 0
BOTTOM OF THE 6TH
Stockton 209 batting - Pitching for Puerto Rico Hurricanes : RHP Eduard Jatzkov
Batting: RHB Paco Ortega 0-0: Ball
1-0: SINGLE (Line Drive, 34, EV 97.5 MPH)
Batting: RHB Roberto Hernández 0-0: Fly out, F4 (Popup, 4M, EV 75.6 MPH)
Batting: SHB William Cameron 0-0: Ball
1-0: Ball
2-0: Ball
3-0: SINGLE (Line Drive, 6M, EV 95.6 MPH)
Paco Ortega to second
Batting: RHB Sal Bando 0-0: SINGLE (Flyball, 34D, EV 88.1 MPH)
Paco Ortega to third
William Cameron to second
Batting: LHB Bradley Hathaway 0-0: SINGLE (Flyball, 34D, EV 85.0 MPH)
Paco Ortega scores
William Cameron to third
Sal Bando to second
Runner from 3rd tries for Home, SAFE, throw by RF to home
Batting: RHB Cam Carreon 0-0: Ball
1-0: Ball
2-0: Ball
3-0: Called Strike
3-1: Foul Ball, location: 2F
3-2: Strikes out swinging
Batting: RHB Millard Olson 0-0: Fielders Choice at 2nd, 5-4 (Groundball, 56, EV 102.5 MPH)
Bottom of the 6th over - 2 runs, 4 hits, 0 errors, 2 left on base; Puerto Rico 0 - Stockton 2
TOP OF THE 7TH
Puerto Rico Hurricanes batting - Pitching for Stockton 209 : RHP Millard Olson
Now in LF: Roberto Hernández
Now in RF: Willie Davis
Batting: RHB Alfonso Santana 0-0: Ball
1-0: Called Strike
1-1: Ball
2-1: Called Strike
2-2: Foul Ball, location: 2F
2-2: Strikes out swinging
Batting: LHB Koyo Yamamoto 0-0: Swinging Strike
0-1: Called Strike
0-2: Strikes out swinging
Batting: RHB Woody Frazier 0-0: Ball
1-0: Called Strike
1-1: Swinging Strike
1-2: Strikes out swinging
Top of the 7th over - 0 runs, 0 hits, 0 errors, 0 left on base; Puerto Rico 0 - Stockton 2
BOTTOM OF THE 7TH
Stockton 209 batting - Pitching for Puerto Rico Hurricanes : RHP Eduard Jatzkov
Batting: SHB Reggie Smith 0-0: Swinging Strike
0-1: Foul Ball, location: 5SF
0-2: Ball
1-2: Ball
2-2: Ground out U3 (Groundball, 34, EV 99.4 MPH)
Batting: SHB Peter Holt 0-0: Called Strike
0-1: Swinging Strike
0-2: Ball
1-2: SINGLE (Line Drive, 7LS, EV 90.0 MPH)
Pitching: RHP Gary Nolan
Now in CF: Rintaro Kichida
Batting: LHB Willie Davis 0-0: Fly out, F9 (Line Drive, 9LD, EV 91.3 MPH)
Batting: RHB Roberto Hernández 0-0: Called Strike
0-1: Fly out, F9 (Flyball, 9, EV 97.5 MPH)
Bottom of the 7th over - 0 runs, 1 hit, 0 errors, 1 left on base; Puerto Rico 0 - Stockton 2
TOP OF THE 8TH
Puerto Rico Hurricanes batting - Pitching for Stockton 209 : RHP Millard Olson
Batting: RHB Rintaro Kichida 0-0: Foul Ball, location: 2F
0-1: Foul Ball, location: 5DF
0-2: Foul Ball, location: 2F
0-2: SINGLE (Line Drive, 4M, EV 97.5 MPH)
Pinch Hitting: LHB Terry Zimmerman 0-0: Ball
1-0: Foul Ball, location: 7LSF
1-1: Swinging Strike
1-2: Fielders Choice at 2nd, 1-6 (Groundball, 34S, EV 73.8 MPH)
Batting: SHB Miguel Carrasco 0-0: Called Strike
0-1: Swinging Strike
0-2: Strikes out looking
Batting: LHB Andrej Eenkhoorn 0-0: Called Strike
0-1: Swinging Strike
0-2: Fly out, F7 (Flyball, 7, EV 99.4 MPH)
Top of the 8th over - 0 runs, 1 hit, 0 errors, 1 left on base; Puerto Rico 0 - Stockton 2
BOTTOM OF THE 8TH
Stockton 209 batting - Pitching for Puerto Rico Hurricanes : RHP Gary Nolan
Now at 2B: Steve Scott
Batting: SHB William Cameron 0-0: Swinging Strike
0-1: Ball
1-1: Ball
2-1: Ball
3-1: Base on Balls
Batting: RHB Sal Bando 0-0: Foul Ball, location: 3FF
0-1: Foul Ball, location: 2F
0-2: Strikes out swinging
Batting: LHB Bradley Hathaway 0-0: Ball
1-0: DOUBLE (Line Drive, 78M, EV 86.9 MPH)
William Cameron to third
Batting: RHB Cam Carreon 0-0: Called Strike
0-1: Swinging Strike
0-2: Ball
1-2: Foul Ball, location: 2F
1-2: Strikes out swinging
Batting: RHB Millard Olson 0-0: Foul Ball, location: 5DF
0-1: SINGLE (Line Drive, 5D, EV 99.4 MPH)
William Cameron scores
Bradley Hathaway to third
Runner from 3rd tries for Home, SAFE, throw by LF to home
Batting: SHB Reggie Smith 0-0: Ball
1-0: Called Strike
1-1: Ball
2-1: Foul Ball, location: 2F
2-2: Fly out, F7 (Flyball, 7, EV 90.0 MPH)
Bottom of the 8th over - 2 runs, 2 hits, 0 errors, 1 left on base; Puerto Rico 0 - Stockton 4
TOP OF THE 9TH
Puerto Rico Hurricanes batting - Pitching for Stockton 209 : RHP Millard Olson
Batting: LHB Yoshitaka Kouda 0-0: Ball
1-0: Ball
2-0: Ball
3-0: Called Strike
3-1: Foul Ball, location: 2F
3-2: Foul Ball, location: 25F
3-2: Strikes out swinging
Batting: SHB Armando Jiménez 0-0: Ball
1-0: Ball
2-0: Fly out, F8 (Flyball, 8LD, EV 98.8 MPH)
Batting: RHB Alfonso Santana 0-0: Called Strike
0-1: Fly out, F8 (Flyball, 8RXD, EV 96.9 MPH)
Top of the 9th over - 0 runs, 0 hits, 0 errors, 0 left on base; Puerto Rico 0 - Stockton 4
Thursday, March 28th , 2024 - OOTP Baseball 24.8 Build 75